 Dungeon Crawl Stone Soup version 0.28-a0-1184-g53156a8862 (webtiles) character file.

Game seed: 4018878354053487559

383 croobank the Covert (level 6, -5/25 HPs)
             Began as a Felid Delver on Dec 18, 2021.
             Was a Follower of Dithmenos.
             Slain by an iguana (6 damage)
             ... on level 6 of the Dungeon.
             The game lasted 00:37:14 (6630 turns).

croobank the Covert (Felid Delver)                  Turns: 6630, Time: 00:37:15

Health: -5/25      AC:  6    Str: 10    XL:     6   Next: 47%
Magic:  10/12      EV: 18    Int: 12    God:    Dithmenos [*.....]
Gold:   131        SH:  0    Dex: 17    Spells: 4/11 levels left
                                        Lives:  0   Deaths: 2

rFire   . . .      SeeInvis +     - Unarmed
rCold   . . .      Faith    .   (shield unavailable)
rNeg    . . .      Spirit   .   (armour unavailable)
rPois   +          Reflect  .   (helmet unavailable)
rElec   .          Harm     .   (cloak unavailable)
rCorr   .          Rampage  .   (gloves unavailable)
Will    .....      Clarity  +   (boots unavailable)
Stlth   +++++.....              (no amulet)
HPRegen 0.08/turn               h - +4 ring of protection
MPRegen 0.13/turn               (no ring)

@: wreathed by umbra, quick
A: very small, claws 1, fangs 3, see invisible, speed 1, shaggy fur 2, stealthy
paws, no weapons or thrown items, no armour, multi-lived, clarity, frail 1,
poison resistance
a: Renounce Religion


You were on level 6 of the Dungeon.
You worshipped Dithmenos.
Dithmenos was aware of your devotion.
You visited 2 branches of the dungeon, and saw 7 of its levels.

You collected 131 gold pieces.

Inventory:

Missiles
 c - 133 stones
Jewellery
 h - a +4 ring of protection (left paw)
Wands
 e - a wand of digging (3)
Scrolls
 a - a scroll of fog
 d - a scroll of blinking
 g - a scroll of amnesia
 k - 4 scrolls of teleportation
 l - a scroll of fear
Potions
 b - 3 potions of brilliance
 f - a potion of degeneration {unknown}
 i - 2 potions of curing
 j - a potion of flight


   Skills:
 + Level 3.5 Fighting
 + Level 3.7 Dodging
 - Level 10.1 Stealth
 + Level 2.7 Unarmed Combat
 - Level 3.4 Spellcasting
 - Level 4.8 Hexes
 - Level 2.4 Translocations


You had 4 spell levels left.
You knew the following spells:

 Your Spells              Type           Power      Damage    Failure   Level
a - Blink                 Tloc           14%        N/A       13%         2
b - Slow                  Hex            52%        N/A       3%          1
c - Sting                 Tmut/Pois      8%         1d3       24%         1
d - Confusing Touch       Hex            13%        N/A       10%         3

Your spell library contained the following spells:

 Spells                   Type           Power      Damage    Failure   Level
 Poisonous Vapours        Pois/Air       4%         N/A       34%         2
 Stone Arrow              Conj/Erth      4%         3d7       56%         3
 Vampiric Draining        Necr           2%         2d6       56%         3
 Olgreb's Toxic Radiance  Pois           2%         N/A       93%         4
 Manifold Assault         Tloc           7%         N/A       94%         5
 Summon Mana Viper        Hex/Summ       7%         N/A       94%         5
 Summon Forest            Summ/Tloc      2%         N/A       99%         5
 Summon Cactus Giant      Summ           1%         N/A       100%        6
 Storm Form               Tmut/Air       1%         N/A       100%        7
 Lehudib's Crystal Spear  Conj/Erth      1%         10d2      100%        8
 Animate Armour           Summ/Erth      Unusable   N/A       N/A         4

Dungeon Overview and Level Annotations

Branches:
Dungeon (6/15)             Temple (1/1) D:4

Altars:
Dithmenos
Gozag
Hepliaklqana
Nemelex Xobeh
Qazlal
Uskayaw
Wu Jian
Xom
Zin

Shops:
D:2 (


Innate Abilities, Weirdness & Mutations

You have sharp claws.
You have razor-sharp teeth.
You have supernaturally acute eyesight. (SInv)
You cover ground quickly. (Speed+)
You are covered in thick fur. (AC +2)
Your paws help you pounce on unaware monsters.
You are incapable of wielding weapons or throwing items.
You cannot wear armour.
You gain extra lives every three experience levels.
You possess an exceptional clarity of mind.
You are frail. (-10% HP)
Your system is resistant to poisons. (rPois)


Message History

The adder bites you.
You barely miss the adder. You bite the adder, but do no damage.
The adder is almost dead.
The iguana misses you. The adder completely misses you.
Casting: Confusing Touch (quite dangerous; 10% risk of failure)
Confirm with . or Enter, or press ? or * to list all spells.
The spell is quite dangerous to miscast (10% risk of failure)!
Continue anyway?
Your paws begin to glow red.
You hear the slow hiss of a very distant avalanche of sand.
The adder closely misses you. The iguana bites you.
The adder barely misses you.
You scratch the iguana but do no damage.
The iguana completely misses you. The adder misses you.
You closely miss the adder.
The adder is almost dead.
The iguana misses you. The adder closely misses you.
You scratch the adder but do no damage.
The adder is almost dead.
The adder misses you. The iguana closely misses you.
The adder barely misses you.
You scratch the adder but do no damage.
The adder is almost dead.
The iguana barely misses you. The adder closely misses you.
You scratch the adder but do no damage.
The adder appears confused.
The adder is almost dead.
The iguana bites you!
You see here a scroll of fear.
l - a scroll of fear The adder closely misses you.
The iguana barely misses you.
You closely miss the iguana. Your bite misses the iguana.
The iguana misses you.
You closely miss the iguana. The iguana barely misses you.
You barely miss the iguana. The adder closely misses you. The iguana bites you!
* * * LOW HITPOINT WARNING * * *
The adder closely misses you.
You scratch the adder.
You kill the adder!
Dithmenos accepts your kill. The iguana bites you.
You die...

#### #.####
#.......#####.....
#.# #.......####
#.# ####.#.#####
#.# #.#.##... #.#
####......## #.#
#....#.#..# #†#
#.##.#.#.... #@#
#.##.#.# .# #l#
#.##.... .#
#.#####.####.
#.##.......#..
#.............#
####.......#...
#...........
#..........#
#..........#


You could see an iguana.

Vanquished Creatures
  An orc warrior (D:4)
  An ice beast (D:4)
  A sky beast (D:5)
  An ogre (D:5)
  A gnoll sergeant (D:5)
  A centaur zombie (D:5)
  2 hounds (D:5)
  An orc priest (D:4)
  Terence (D:2)
  An iguana (D:5)
  Natasha (D:3)
  A hound skeleton (D:5)
  Robin (D:2)
  4 gnolls (D:5)
  5 adders
  An ufetubus (D:4)
  2 worms
  11 orcs
  5 endoplasms
  3 giant cockroaches
  11 goblins
  3 hobgoblins
  6 kobolds
  6 quokkas
  2 ball pythons
  6 bats
  3 rats (D:1)
82 creatures vanquished.

Notes
Turn   | Place    | Note
-------+----------+-------------------------------------------
     0 | D:5      | croobank the Felid Delver began the quest for the Orb.
     0 | D:5      | Reached XP level 1. HP: 10/10 MP: 2/2
     4 | D:5      | Noticed an ogre
    76 | D:5      | Noticed a hound
   169 | D:4      | Found a staircase to the Ecumenical Temple.
   170 | D:4      | Noticed an ice beast
   175 | D:4      | Killed an ice beast
   176 | D:4      | Reached skill level 9 in Stealth
   176 | D:4      | Reached XP level 2. HP: 2/14 MP: 3/3
   176 | D:4      | Reached XP level 3. HP: 2/17 MP: 4/4
   176 | D:4      | Reached XP level 4. HP: 3/21 MP: 5/5
   178 | Temple   | Entered the Ecumenical Temple
   463 | Temple   | Became a worshipper of Dithmenos the Shadowed
   503 | D:4      | Noticed an orc warrior
   519 | D:4      | Noticed an orc warrior
  1026 | D:1      | Learned a level 2 spell: Blink
  1446 | D:2      | Found Ungyky's Weapon Shop.
  1462 | D:2      | Found a faded altar of an unknown god.
  1674 | D:2      | Reached * piety under Dithmenos
  1682 | D:2      | Noticed Terence
  1725 | D:2      | Killed Terence
  1726 | D:2      | Reached XP level 5. HP: 24/24 MP: 6/6
  1730 | D:2      | Learned a level 1 spell: Slow
  1739 | D:2      | Noticed Robin
  1761 | D:2      | Killed Robin
  1762 | D:2      | Reached skill level 10 in Stealth
  2668 | D:3      | Noticed Natasha
  2682 | D:3      | Killed Natasha
  2683 | D:3      | Reached skill level 1 in Hexes
  2683 | D:3      | Reached skill level 1 in Translocations
  2844 | D:3      | Learned a level 1 spell: Sting
  3090 | D:3      | Reached skill level 1 in Spellcasting
  3135 | D:3      | Gained mutation: You possess an exceptional clarity of
                  | mind. [potion of mutation]
  3135 | D:3      | Gained mutation: You are frail. (-10% HP) [potion of
                  | mutation]
  3135 | D:3      | Gained mutation: Your system is resistant to poisons.
                  | (rPois) [potion of mutation]
  3463 | D:4      | Gained mutation: You are covered in thick fur. (AC +2)
                  | [Felid growth]
  3463 | D:4      | Reached XP level 6. HP: 25/25 MP: 8/8
  3760 | D:5      | Noticed a sky beast
  3774 | D:4      | Learned a level 3 spell: Confusing Touch
  4095 | D:4      | HP: 1/25 [orc warrior (9)]
  4096 | D:4      | Demolished by an orc warrior
  4097 | D:4      | Reached XP level 5. HP: -14/21 MP: 7/7
  4629 | D:4      | Killed an orc warrior
  4743 | D:5      | Killed a sky beast
  4744 | D:5      | Reached XP level 6. HP: 17/25 MP: 6/11
  5433 | D:5      | Identified the +12 arbalest of the Nine Lives {elec, rPois
                  | Dex-3 Stlth+}
  5604 | D:5      | HP: 1/25 [gnoll sergeant (9)]
  5916 | D:5      | Reached XP level 7. HP: 11/27 MP: 11/13
  6166 | D:5      | Slain by a gnoll sergeant
  6167 | D:5      | Reached XP level 6. HP: -2/25 MP: 10/12
  6591 | D:6      | Noticed a wyvern
  6629 | D:6      | HP: 1/25 [iguana (8)]
  6630 | D:6      | Slain by an iguana

Illustrated notes

Levels and vault maps discovered:
D:1:      psy_arrival_conway, layout_rooms
D:2:      layout_loops_cross, dreamdust_ecumenical_altar_statues, serial_shops,
          shop, corexii_corridor_pit, uniq_robin, uniq_terence
D:3:      layout_loops_ring, roderic_serpentine_path, uniq_natasha
D:4:      layout_loops_ring, minmay_temple_entry_hall, kennysheep_generic_room_5
D:5:      layout_basic, serial_curves, eino_curves_04, eino_curves_03,
          lightli_minifort
D:6:      layout_loops_ring, enter_ossuary_5, chequers_hall_statues_wall_a,
          lightli_corner_chamber, uniq_pikel
Temple:   regret_index_temple_mists

Skill      XL: |  1  2  3  4  5  6 |
---------------+-------------------+-----
Stealth        | 9 10 | 10.1
Hexes          | 3 4 |  4.8
Translocations | 2 |  2.4
Spellcasting   | 2 3 |  3.4
Dodging        | 3 |  3.7
Fighting       | |  3.5
Unarmed Combat | |  2.7

Action                   |  1- 3 |  4- 6 |  7- 9 || total
-------------------------+-------+-------+-------++-------
Melee: Unarmed           |     2 |   357 |    20 ||   379
       Bite              |       |    38 |     2 ||    40
       Punch             |       |     4 |       ||     4
 Cast: Slow              |       |    20 |     6 ||    26
       Confusing Touch   |       |    10 |       ||    10
       Sting             |       |     1 |     1 ||     2
       Blink             |       |     2 |       ||     2
  Use: Scroll            |     2 |     8 |       ||    10
       Potion            |     1 |     3 |       ||     4
 Stab: Sleeping          |     1 |    23 |       ||    24
       Confused          |       |     7 |       ||     7
       Distracted        |       |     2 |       ||     2
Armor: Skin              |       |    39 |       ||    39
Dodge: Dodged            |       |   280 |    17 ||   297

Table legend: (Time is in decaauts)
 A = Elapsed time spent in this place.
 B = Non-inter-level travel time spent in this place.
 C = Inter-level travel time spent in this place.
 D = Time resting spent in this place.
 E = Time spent auto-exploring this place.
 F = Levels seen in this place.
 G = Mean time per level.
                   A        B        C        D        E       F      G
               +--------+--------+--------+--------+--------+-----+--------+
         Total |   5957 |   5874 |     83 |   1875 |   2543 |   7 |  851.0 |
       Dungeon |   5657 |   5584 |     73 |   1628 |   2518 |   6 |  942.8 |
        Temple |    299 |    290 |      9 |    247 |     25 |   1 |  299.0 |
               +--------+--------+--------+--------+--------+-----+--------+

Top non-repeatable levels by time:
     D:4: 1743 daAuts
     D:5: 1417 daAuts
     D:3: 1176 daAuts
     D:2: 828 daAuts
     D:1: 430 daAuts
  Temple: 299 daAuts
     D:6: 61 daAuts
